 Dungeon Crawl Stone Soup version 0.28-a0-998-gb9e9c7b67e (webtiles) character file.

Game seed: 13897561889282756806

3420 bearlyready the Grappler (level 10, -8/81 HPs)
             Began as a Ghoul Delver on Dec 5, 2021.
             Was a Follower of Makhleb.
             Engulfed by a steam dragon's steam (9 damage)
             ... on level 7 of the Dungeon.
             The game lasted 00:09:25 (7132 turns).

bearlyready the Grappler (Ghoul Delver)             Turns: 7132, Time: 00:09:26

Health: -8/81      AC:  8    Str: 21    XL:     10   Next: 5%
Magic:  14/14      EV: 15    Int:  5    God:    Makhleb [*.....]
Gold:   261        SH:  0    Dex: 10    Spells: 9/9 levels left

rFire   . . .      SeeInvis .     - Unarmed
rCold   + . .      Faith    .   (no shield)
rNeg    + + +      Spirit   .   J - +0 acid dragon scales
rPois   ∞          Reflect  .   k - +0 helmet
rElec   .          Harm     .   u - scarf {repulsion}
rCorr   +          Rampage  .   (no gloves)
Will    .....                   w - +0 pair of boots
Stlth   ++........              (no amulet)
HPRegen 0.00/turn               z - +4 ring of evasion
MPRegen 0.14/turn               (no ring)

@: inhibited regen, repel missiles
A: claws 1, cold resistance 1, negative energy resistance 3, inhibited
regeneration, torment resistance 2
a: Renounce Religion


You were on level 7 of the Dungeon.
You worshipped Makhleb.
Makhleb was aware of your devotion.
You visited 2 branches of the dungeon, and saw 8 of its levels.

You collected 261 gold pieces.

Inventory:

Hand Weapons
 b - a +3 hunting sling
Missiles
 c - 178 stones
 h - 6 boomerangs
 m - 16 poisoned darts
 p - 86 sling bullets
 D - 3 curare-tipped darts (quivered)
Armour
 a - a +0 leather armour
 j - a +0 scale mail
 k - a +0 helmet (worn)
 u - a scarf of repulsion (worn)
 w - a +0 pair of boots (worn)
 J - +0 acid dragon scales (worn)
Jewellery
 z - a +4 ring of evasion (left claw)
Wands
 f - a wand of digging (3)
 E - a wand of mindburst (18)
 G - a wand of iceblast (13)
Scrolls
 d - 2 scrolls of enchant weapon {unknown}
 e - 2 scrolls of brand weapon {unknown}
 g - 3 scrolls of teleportation {unknown}
 i - 2 scrolls of fog
 o - 2 scrolls of amnesia {unknown}
 q - 8 scrolls of identify {unknown}
 s - 3 scrolls of vulnerability {unknown}
 v - a scroll of silence {unknown}
 y - 2 scrolls of enchant armour {unknown}
 A - a scroll of blinking {unknown}
 B - a scroll of magic mapping
 I - a scroll of summoning {unknown}
Potions
 l - a potion of lignification {unknown}
 n - 2 potions of curing {unknown}
 r - a potion of cancellation {unknown}
 t - a potion of invisibility {unknown}
 x - a potion of degeneration {unknown}
 C - a potion of magic
 F - a potion of brilliance {unknown}
 H - a potion of flight {unknown}


   Skills:
 + Level 5.0 Fighting
 - Level 5.0 Slings
 - Level 1.7 Dodging
 - Level 5.4 Stealth
 + Level 11.5 Unarmed Combat
 - Level 7.0 Invocations


You had 9 spell levels left.
You didn't know any spells.
Your spell library contained the following spells:

 Spells                   Type           Power      Damage    Failure   Level
 Blink                    Tloc           0%         N/A       71%         2
 Ignite Poison            Fire/Tmut/Pois 0%         N/A       90%         3
 Mephitic Cloud           Conj/Pois/Air  0%         N/A       90%         3
 Freezing Cloud           Conj/Ice/Air   0%         6-21      100%        5
 Manifold Assault         Tloc           0%         N/A       100%        5
 Storm Form               Tmut/Air       Unusable   N/A       N/A         7

Dungeon Overview and Level Annotations

Branches:
Dungeon (7/15)             Temple (1/1) D:5

Altars:
Ashenzari
Cheibriados
Dithmenos
Elyvilon
Fedhas
Gozag
Hepliaklqana
Kikubaaqudgha
Makhleb
Nemelex Xobeh
Okawaru
Qazlal
Ru
Sif Muna
Trog
Uskayaw
Vehumet
Wu Jian
Xom
Yredelemnul
Zin
The Shining One

Shops:
D:6 [   D:7 *

Annotations:
D:7 3 runed translucent doors, siradein's ghost, novice TrTm


Innate Abilities, Weirdness & Mutations

You thrive by killing the living.
You are immune to poison.
You have sharp fingernails.
Your flesh is cold resistant. (rC+)
You are immune to negative energy. (rN+++)
You do not regenerate when monsters are visible.
You are immune to unholy pain and torment.


Message History

The steam dragon claws you but does no damage.
The steam dragon bites you but does no damage.
The steam dragon barely misses you.
You scratch the steam dragon.
The steam dragon is moderately wounded.
The steam dragon breathes steam at you. The ball of steam hits you!
The steam dragon breathes steam at you.
The ball of steam is repelled.
You are too injured to fight recklessly!
You are too injured to fight recklessly!
You are too injured to fight recklessly!
You are too injured to fight recklessly!
You are too injured to fight recklessly!
You are too injured to fight recklessly!
You are too injured to fight recklessly!
You are too injured to fight recklessly!
You are too injured to fight recklessly!
You are too injured to fight recklessly!
You are too injured to fight recklessly!
You closely miss the steam dragon.
The steam dragon is lightly wounded.
You are engulfed in a cloud of scalding steam.
You scratch the steam dragon.
The steam dragon is moderately wounded.
You are engulfed in a cloud of scalding steam.
The steam dragon breathes steam at you. The ball of steam hits you!
The steam dragon bites you!
* * * LOW HITPOINT WARNING * * *
The steam dragon claws you but does no damage.
The steam dragon breathes steam at you. The ball of steam hits you!
* * * LOW HITPOINT WARNING * * *
The steam dragon breathes steam at you. The ball of steam hits you!
* * * LOW HITPOINT WARNING * * *
Okay, then.
It was a potion of magic.
Magic courses through your body.
You are engulfed in a cloud of scalding steam.
You die...

#.......# #.......#
#....<..# #.......#
#§......#
##.......###.#
#.§§§........
#.§§@§D..#
#.####D### #.#
#.......# #.#
######..# #.# #..#
#.# #..# #.# #..# .#
#######.#########..#
..
#.<.............#..#
..


You could see 2 steam dragons.

Vanquished Creatures
  Maggie (D:7)
  Sigmund (D:6)
  A water moccasin (D:6)
  An orc warrior (D:7)
  3 ice beasts
  A black bear (D:6)
  5 ogres
  3 necrophages
  2 phantoms
  A bullfrog (D:7)
  3 scorpions
  A water moccasin skeleton (D:6)
  4 killer bees (D:7)
  4 wights (D:7)
  2 howler monkeys (D:7)
  A bullfrog zombie (D:5)
  A gnoll shaman (D:6)
  2 jellies (D:6)
  A centaur zombie (D:6)
  8 hounds
  5 orc priests
  An iguana (D:6)
  6 orc wizards
  Robin (D:3)
  4 gnolls (D:6)
  6 adders
  A shadow imp (D:4)
  An adder skeleton (D:4)
  23 orcs
  6 ball pythons
  5 bats
  3 endoplasms
  2 giant cockroaches
  10 goblins
  6 hobgoblins
  2 jackals (D:2)
  6 kobolds
  3 quokkas
  A frilled lizard (D:2)
  3 rats
141 creatures vanquished.

Notes
Turn   | Place    | Note
-------+----------+-------------------------------------------
     0 | D:5      | bearlyready the Ghoul Delver began the quest for the Orb.
     0 | D:5      | Reached XP level 1. HP: 19/19 MP: 0/0
    65 | D:5      | Reached skill level 3 in Unarmed Combat
    65 | D:5      | Reached XP level 2. HP: 4/26 MP: 1/1
   382 | D:5      | Noticed a scorpion
   447 | D:5      | Noticed a necrophage
   455 | D:4      | Noticed an ogre
   549 | D:4      | Found a shimmering blue altar of Sif Muna.
   560 | D:4      | Killed an ogre
   561 | D:4      | Reached skill level 5 in Unarmed Combat
   561 | D:4      | Reached XP level 3. HP: 7/31 MP: 2/2
   561 | D:4      | Reached XP level 4. HP: 8/38 MP: 3/3
   942 | D:3      | Noticed Robin
   947 | D:3      | Reached XP level 5. HP: 34/45 MP: 4/4
  1130 | D:3      | Reached skill level 1 in Slings
  1238 | D:3      | Killed Robin
  1943 | D:2      | Found a bloodstained altar of Trog.
  2679 | D:1      | Found a faded altar of an unknown god.
  3194 | D:4      | Reached skill level 6 in Unarmed Combat
  3194 | D:4      | Reached XP level 6. HP: 51/51 MP: 5/5
  3501 | D:4      | Killed a necrophage
  3600 | D:5      | Noticed an ice beast
  3615 | D:5      | Killed an ice beast
  3616 | D:5      | Reached XP level 7. HP: 54/57 MP: 6/6
  3643 | D:5      | Found a staircase to the Ecumenical Temple.
  3929 | D:5      | Reached skill level 7 in Unarmed Combat
  4170 | Temple   | Entered the Ecumenical Temple
  4463 | Temple   | Became a worshipper of Makhleb the Destroyer
  4648 | D:5      | Reached XP level 8. HP: 63/63 MP: 7/7
  4749 | D:5      | Reached skill level 8 in Unarmed Combat
  4823 | D:6      | Reached skill level 5 in Slings
  4860 | D:6      | Noticed Sigmund
  4876 | D:6      | Killed Sigmund
  5185 | D:6      | Reached skill level 9 in Unarmed Combat
  5344 | D:6      | Reached XP level 9. HP: 67/70 MP: 11/11
  5420 | D:6      | Reached skill level 5 in Invocations
  5530 | D:6      | Found Zilliobe's Antique Armour Boutique.
  5737 | D:6      | Reached skill level 10 in Unarmed Combat
  5951 | D:7      | Reached * piety under Makhleb
  6216 | D:7      | Found Nubb's Island Escapes.
  6384 | D:7      | Reached skill level 11 in Unarmed Combat
  6417 | D:7      | Noticed a gargoyle
  6424 | D:7      | Found a runed translucent gate.
  6425 | D:7      | Found a runed translucent gate.
  6426 | D:7      | Found a runed translucent gate.
  6430 | D:7      | Noticed a cyclops
  6430 | D:7      | Noticed siradein's ghost (novice TrTm)
  6432 | D:7      | Noticed a hornet
  6878 | D:7      | Noticed Maggie
  6891 | D:7      | Killed Maggie
  6892 | D:7      | Reached XP level 10. HP: 78/80 MP: 14/14
  6924 | D:7      | Reached skill level 5 in Fighting
  7131 | D:7      | HP: 1/81 [steam dragon/ball of steam (12)]
  7132 | D:7      | Engulfed by a steam dragon's steam

Illustrated notes

Levels and vault maps discovered:
D:1:      onia_arrival_pentagram, layout_basic, chequers_ecumenical_altar_grove,
          amethyst_killhole
D:2:      layout_basic, basic_altar, minmay_misc_feat_more_columns
D:3:      layout_rooms, uniq_robin
D:4:      layout_rooms, mainiacjoe_overflow_24_doors
D:5:      layout_loops_ring, minmay_temple_entry_junction
D:6:      minmay_razor_zed, layout_loops_ring, serial_shops,
          nicolae_take_the_stairs, uniq_sigmund
D:7:      layout_basic, gammafunk_ghost_split, nicolae_island_escapes,
          uniq_maggie
Temple:   mainiacjoe_temple_hex_bubbles

Skill      XL: |  1  2  3  4  5  6  7  8  9 10 |
---------------+-------------------------------+-----
Unarmed Combat | 3 5 6 7 9 11 | 11.5
Slings         | 2 3 4 5 |  5.0
Invocations    | 4 7 |  7.0
Fighting       | 4 5 |  5.0
Dodging        | |  1.7
Stealth        | |  5.4

Action                   |  1- 3 |  4- 6 |  7- 9 | 10-12 || total
-------------------------+-------+-------+-------+-------++-------
Melee: Unarmed           |    25 |   179 |   274 |    38 ||   516
       Punch             |     2 |     2 |     9 |       ||    13
 Fire: Hunting sling     |       |    18 |    26 |       ||    44
Throw: Dart              |       |       |     8 |       ||     8
Evoke: Wand              |       |       |     3 |       ||     3
  Use: Scroll            |     2 |       |     1 |       ||     3
       Potion            |     2 |       |       |     1 ||     3
 Stab: Sleeping          |       |     4 |       |       ||     4
Armor: Leather armour    |     4 |     9 |       |       ||    13
       Scale mail        |       |    70 |    77 |       ||   147
       Acid dragon scale |       |       |       |    11 ||    11
Dodge: Dodged            |    12 |   106 |   163 |    23 ||   304
       Repelled          |       |       |     2 |     1 ||     3

Table legend: (Time is in decaauts)
 A = Elapsed time spent in this place.
 B = Non-inter-level travel time spent in this place.
 C = Inter-level travel time spent in this place.
 D = Time resting spent in this place.
 E = Time spent auto-exploring this place.
 F = Levels seen in this place.
 G = Mean time per level.
                   A        B        C        D        E       F      G
               +--------+--------+--------+--------+--------+-----+--------+
         Total |   7039 |   6732 |    307 |   1114 |   4347 |   8 |  879.9 |
       Dungeon |   6724 |   6476 |    248 |   1114 |   4095 |   7 |  960.6 |
        Temple |    314 |    255 |     59 |      0 |    252 |   1 |  314.0 |
               +--------+--------+--------+--------+--------+-----+--------+

Top non-repeatable levels by time:
     D:5: 1255 daAuts
     D:4: 1243 daAuts
     D:7: 1191 daAuts
     D:6: 1072 daAuts
     D:1: 707 daAuts
     D:3: 691 daAuts
     D:2: 563 daAuts
  Temple: 314 daAuts
